 Dungeon Crawl Stone Soup version 0.29.0-4-gdea44cf6ec (webtiles) character file.

Game seed: 609189279789578634

23653 qw the Cleaver (level 13, -6/83 HPs)
             Began as a Gargoyle Berserker on Sept 5, 2022.
             Was a Priest of Trog.
             Shot with a bolt by a merfolk (8 damage)
             ... on level 2 of the Lair of Beasts.
             The game lasted 00:05:43 (15545 turns).

qw the Cleaver (Gargoyle Berserker)                Turns: 15545, Time: 00:05:44

Health: -6/83      AC: 29    Str: 28    XL:     13   Next: 8%
Magic:  0/13       EV:  9    Int:  9    God:    Trog [***...]
Gold:   457        SH:  6    Dex: 15    Spells: 12/12 levels left

rFire   + . .      SeeInvis +   x - +8 broad axe of the World {vorpal, rPois rF+ rC+}
rCold   + . .      Faith    .   p - +0 buckler
rNeg    + + .      Spirit   +   g - +0 plate armour
rPois   inf        Reflect  .   q - +1 helmet
rElec   +          Harm     .   (no cloak)
rCorr   .          Rampage  .   c - +0 pair of gloves of the Heavens {Fly rElec rN+ Str+3}
Will    .....                   m - +0 pair of boots
Stlth   ..........              w - amulet of guardian spirit
HPRegen 0.23/turn               r - ring of see invisible
MPRegen 0.13/turn               v - +6 ring of dexterity

@: marked, on berserk cooldown, flying, slowed, very slow
A: sickness immunity, AC +9, negative energy resistance 1, electricity
resistance, torment resistance 1, petrification resistance
a: Renounce Religion, Berserk, Trog's Hand


You were on level 2 of the Lair of Beasts.
You worshipped Trog.
Trog was most pleased with you.
You visited 2 branches of the dungeon, and saw 12 of its levels.

You collected 685 gold pieces.
You spent 228 gold pieces at shops.


Innate Abilities, Weirdness & Mutations

You are immune to sickness and miasma.
Your stone body is resilient. (AC +9)
You are immune to poison.
You resist negative energy. (rN+)
You are resistant to electric shocks. (rElec)
You are resistant to unholy torment.
You are immune to petrification.


   Skills:
 + Level 10.6 Fighting
 - Level 14.0 Axes
 - Level 5.0 Throwing
 - Level 10.0 Armour
 - Level 3.1 Dodging
 - Level 7.1 Shields


You had 12 spell levels left.
You didn't know any spells.
Your spell library was empty.

Inventory:

Hand Weapons
 h - a +0 morningstar
 x - the +8 broad axe of the World (weapon) {vorpal, rPois rF+ rC+}
   (Trog gifted it to you on level 10 of the Dungeon)

   It inflicts extra damage upon your enemies.
   rF:        It protects you from fire.
   rC:        It protects you from cold.
   rPois:     It protects you from poison.
Missiles
 f - 8 boomerangs
 j - a silver javelin
 l - 7 javelins (quivered)
Armour
 c - the +0 pair of gloves of the Heavens (worn) {Fly rElec rN+ Str+3}
   (You acquired it on level 7 of the Dungeon)

   Str:       It affects your strength (+3).
   rElec:     It insulates you from electricity.
   rN:        It protects you from negative energy.
   Fly:       It grants you flight.
 g - a +0 plate armour (worn)
 m - a +0 pair of boots (worn)
 p - a +0 buckler (worn)
 q - a +1 helmet (worn)
Jewellery
 d - a ring of positive energy
 r - a ring of see invisible (left hand)
 s - a ring of willpower
 v - a +6 ring of dexterity (right hand)
 w - an amulet of guardian spirit (around neck)
 y - a ring of resist corrosion
Scrolls
 k - a scroll of identify
 o - 2 scrolls of teleportation
Potions
 a - 2 potions of might
 b - a potion of haste
 e - 4 potions of cancellation
 n - 3 potions of curing
 z - a potion of mutation {unknown}

Dungeon Overview and Level Annotations

Branches:
Dungeon (10/15)            Temple (0/1) D:5            Lair (2/5) D:10
 Shoals (0/4) Lair:2        Snake (0/4) Lair:2
    Orc: D:9-12

Altars:
Hepliaklqana
Kikubaaqudgha
Nemelex Xobeh
Okawaru
Qazlal
Ru
Trog
Uskayaw
Vehumet
Yredelemnul

Shops:
D:5 *   D:6 !

Annotations:
D:9 1 runed translucent door


Message History

You slice the merfolk siren!!
The merfolk siren is severely wounded.
The merfolk shoots a bolt.
The bolt hits you but does no damage. You block the merfolk siren's attack.
The merfolk siren chants a haunting song.
You are mesmerised by the merfolk siren!
The merfolk shoots a bolt.
The bolt hits you but does no damage.
You hit the merfolk siren.
The merfolk siren is severely wounded.
The merfolk shoots a bolt.
The bolt hits you but does no damage.
The merfolk siren chants its luring song.
You closely miss the merfolk siren.
The merfolk siren is severely wounded.
The merfolk shoots a bolt.
You block the bolt.
The merfolk siren chants its luring song. x2
The merfolk shoots a bolt.
The bolt hits you but does no damage.
You slice the merfolk siren!!
You are no longer entranced.
You kill the merfolk siren!
Trog accepts your kill.
Trog appreciates your killing of a magic user.
The merfolk shoots a bolt.
The bolt barely misses you.
The merfolk shoots a bolt.
The bolt hits you!
You closely miss the merfolk.
The merfolk unwields a +0 arbalest.
The merfolk hits you!
15542 ||| READING 3 scrolls of teleportation.
As you read the scroll of teleportation, it crumbles to dust.
You feel strangely unstable. The merfolk hits you!
You hit the merfolk.
The merfolk is lightly wounded.
The merfolk hits you. You block the merfolk's attack.
You closely miss the merfolk.
The merfolk is lightly wounded.
The merfolk closely misses you.
You miss the merfolk.
The merfolk is lightly wounded.
Your surroundings seem slightly different.
The merfolk wields a +0 arbalest.
The merfolk shoots a bolt.
The bolt hits you!
You die...

...........#.......##.#........<.
........#####.#.....P............
......### ####%)...............
...P### ###)..............
....###### ##................
P#....#..## ##
#.ยค)..............
.......(..##.# ##m...............
........@...####.................
...............#@................
.................................
.............#...#.###.P.#..#....
........############ ############
#....#### #####


You could see a merfolk.

Vanquished Creatures
  Harold (Lair:2)
  4 hydras
  2 boulder beetles (D:10)
  A centaur warrior (D:10)
  A two-headed ogre (D:10)
  A deep elf knight (D:10)
  Sonja (Lair:2)
  2 cyclopes (D:10)
  2 ugly things
  A manticore (D:10)
  A merfolk siren (Lair:2)
  Maggie (D:5)
  A rime drake (Lair:1)
  6 komodo dragons (Lair:1)
  2 merfolk (Lair:2)
  A hornet (D:9)
  A polar bear (Lair:2)
  5 wyverns
  5 basilisks
  5 wraiths
  2 steam dragons (D:7)
  14 yaks (D:10)
  2 nagas (Lair:2)
  9 water moccasins
  An ice beast (D:7)
  A sky beast (D:7)
  4 orc warriors
  6 black bears
  6 wolves
  A boggart (D:10)
  5 centaurs
  2 kobold brigands (D:5)
  Blork the orc (D:4)
  5 bullfrogs
  3 gnoll sergeants
  6 scorpions
  12 wights
  18 killer bees
  3 howler monkeys (D:7)
  2 jellies
  12 orc priests
  7 hounds
  12 iguanas
  Ijyb (D:4)
  4 gnoll boudas
  12 orc wizards
  Robin (D:3)
  9 adders
  34 gnolls
  4 shadow imps
  3 white imps
  A worm (D:4)
  2 dart slugs
  23 orcs
  4 endoplasms
  4 giant cockroaches
  16 goblins
  7 hobgoblins
  7 jackals
  2 quokkas
  9 ball pythons
  4 bats
  5 frilled lizards
  12 kobolds
  8 rats
350 creatures vanquished.

Vanquished Creatures (others)
  An orc wizard (D:8)
  A bush (D:10)
  13 fungi
  36 plants
51 creatures vanquished.

Grand Total: 401 creatures vanquished

Notes
Turn   | Place    | Note
-------+----------+-------------------------------------------
     0 | D:1      | qw the Gargoyle Berserker began the quest for the Orb.
     0 | D:1      | Reached XP level 1. HP: 14/14 MP: 1/1
     0 | D:1      | 0 ||| qw: Version: 0.1-a-104-g96f76f8
     0 | D:1      | 0 ||| qw: Game counter: 5861
     0 | D:1      | 0 ||| qw: Always use a shield: true
     0 | D:1      | 0 ||| qw: Do Orc after D:15 true
     0 | D:1      | 0 ||| qw: Do second Lair branch before Depths: true
     0 | D:1      | 0 ||| qw: Lair rune preference: random
     0 | D:1      | 0 ||| qw: Plans: Normal
     0 | D:1      | 0 ||| PLANNING D:1-11
    77 | D:1      | Found a faded altar of an unknown god.
   139 | D:1      | 139 ||| Stepping ~*~*~tactically~*~*~ (hiding).
   151 | D:1      | Reached skill level 3 in Axes
   166 | D:1      | Reached XP level 2. HP: 19/19 MP: 2/2
   172 | D:1      | 172 ||| INVOKING Berserk.
   406 | D:1      | 406 ||| Stepping ~*~*~tactically~*~*~ (stealth).
   407 | D:1      | 407 ||| Stepping ~*~*~tactically~*~*~ (stealth).
   649 | D:1      | 649 ||| UPGRADING to +0 leather armour.
   659 | D:1      | 659 ||| DROPPING +0 animal skin.
   660 | D:1      | 660 ||| UPGRADING to +0 pair of gloves.
   665 | D:1      | 665 ||| READING 2 scrolls labelled IMIPNE GAZE.
   666 | D:1      | 666 ||| READING scroll labelled ECACKU EXKUHYLOX.
   667 | D:1      | 667 ||| READING scroll labelled YRURE VOKKIEPT.
   668 | D:1      | 668 ||| READING 2 scrolls labelled JOUF QUOFI HER.
   669 | D:1      | 669 ||| READING scroll labelled DUGGUD PELU.
   670 | D:1      | 670 ||| READING scroll labelled ZOOPO RUZOEM.
   671 | D:1      | 671 ||| READING scroll labelled EKHUGH JEKO.
   672 | D:1      | 672 ||| READING 3 scrolls labelled GOUXAIFR NUAZ.
   673 | D:1      | 673 ||| READING 2 scrolls of identify.
   673 | D:1      | 673 ||| IDENTIFYING murky red potion
   674 | D:1      | 674 ||| DROPPING scroll of vulnerability.
   675 | D:1      | 675 ||| DROPPING potion of magic.
   676 | D:1      | 676 ||| DROPPING scroll of blinking.
   691 | D:2      | 691 ||| Stepping ~*~*~tactically~*~*~ (stealth).
   692 | D:2      | 692 ||| Stepping ~*~*~tactically~*~*~ (stealth).
   718 | D:2      | Reached XP level 3. HP: 23/23 MP: 3/3
   755 | D:2      | Reached ** piety under Trog
   808 | D:2      | Reached skill level 4 in Axes
   817 | D:2      | 817 ||| READING scroll of enchant weapon.
   817 | D:2      | 817 ||| ENCHANTING +1 hand axe of freezing.
   830 | D:2      | 830 ||| DROPPING +0 club.
   831 | D:2      | 831 ||| READING scroll of enchant weapon.
   831 | D:2      | 831 ||| ENCHANTING +2 hand axe of freezing.
   918 | D:2      | Found a hide-covered altar of Uskayaw.
   948 | D:2      | 948 ||| READING scroll of enchant armour.
   948 | D:2      | 948 ||| ENCHANTING +0 pair of gloves.
  1157 | D:2      | 1157 ||| UPGRADING to +0 ring mail.
  1167 | D:2      | 1167 ||| DROPPING +0 leather armour.
  1168 | D:2      | 1168 ||| UPGRADING to ring of willpower.
  1169 | D:2      | 1169 ||| DRINKING 2 sedimented black potions.
  1170 | D:2      | 1170 ||| READING 2 scrolls of identify.
  1170 | D:2      | 1170 ||| IDENTIFYING blue potion
  1183 | D:3      | 1183 ||| STAIRDANCE
  1311 | D:3      | 1311 ||| DROPPING +0 flail.
  1463 | D:3      | Reached XP level 4. HP: 28/28 MP: 4/4
  1553 | D:3      | Found a hazy altar of Hepliaklqana.
  1746 | D:3      | 1746 ||| SWAPPING to +1 hand axe of electrocution.
  1747 | D:3      | 1747 ||| DROPPING +3 hand axe of freezing.
  1764 | D:3      | Noticed Robin
  1765 | D:3      | 1765 ||| Stepping ~*~*~tactically~*~*~ (stealth).
  1781 | D:3      | 1781 ||| INVOKING Berserk.
  1788 | D:3      | Killed Robin
  1912 | D:3      | 1912 ||| Stepping ~*~*~tactically~*~*~ (stealth).
  2048 | D:3      | 2048 ||| UPGRADING to +0 plate armour.
  2058 | D:3      | 2058 ||| DROPPING +0 ring mail.
  2059 | D:3      | 2059 ||| UPGRADING to +0 helmet.
  2064 | D:3      | 2064 ||| READING scroll labelled ISOIMIRPHUU.
  2118 | D:3      | 2118 ||| READING scroll labelled XARIBURAODGH.
  2119 | D:3      | 2119 ||| READING scroll labelled LYDU ARAZXISUSHRIU.
  2120 | D:3      | 2120 ||| READING 3 scrolls labelled MIMEAL MAUMNYH.
  2125 | D:3      | 2125 ||| READING scroll labelled AWOOGE IGGIAFEY.
  2232 | D:4      | Noticed Ijyb
  2233 | D:4      | 2233 ||| PLANNING SEWER
  2235 | D:4      | 2235 ||| INVOKING Berserk.
  2243 | D:4      | Killed Ijyb
  2244 | D:4      | Reached XP level 5. HP: 32/32 MP: 5/5
  2249 | D:4      | Reached skill level 3 in Armour
  2540 | D:4      | 2540 ||| INVOKING Berserk.
  2544 | D:4      | Reached skill level 5 in Axes
  2684 | D:4      | Found a sacrificial altar of Ru.
  2685 | D:4      | 2685 ||| Stepping ~*~*~tactically~*~*~ (stealth).
  2687 | D:4      | 2687 ||| Stepping ~*~*~tactically~*~*~ (stealth).
  2689 | D:4      | 2689 ||| Stepping ~*~*~tactically~*~*~ (stealth).
  2691 | D:4      | 2691 ||| Stepping ~*~*~tactically~*~*~ (stealth).
  2693 | D:4      | 2693 ||| Stepping ~*~*~tactically~*~*~ (stealth).
  2694 | D:4      | 2694 ||| INVOKING Berserk.
  2696 | D:4      | Reached *** piety under Trog
  2697 | D:4      | Reached XP level 6. HP: 38/38 MP: 6/6
  2899 | D:4      | 2899 ||| Stepping ~*~*~tactically~*~*~ (stealth).
  2900 | D:4      | 2900 ||| Stepping ~*~*~tactically~*~*~ (stealth).
  2964 | D:4      | 2964 ||| RIP SEWER
  2967 | D:4      | 2967 ||| PLANNING D:1-11
  3030 | D:4      | Noticed Blork the orc
  3031 | D:4      | 3031 ||| Stepping ~*~*~tactically~*~*~ (hiding).
  3034 | D:4      | 3034 ||| INVOKING Berserk.
  3040 | D:4      | Reached skill level 6 in Axes
  3043 | D:4      | Killed Blork the orc
  3044 | D:4      | Reached XP level 7. HP: 43/43 MP: 7/7
  3531 | D:4      | 3531 ||| READING 2 scrolls of identify.
  3531 | D:4      | 3531 ||| IDENTIFYING murky emerald potion
  3532 | D:4      | 3532 ||| DROPPING potion of berserk rage.
  3587 | D:5      | Entered Level 5 of the Dungeon
  3638 | D:5      | 3638 ||| Stepping ~*~*~tactically~*~*~ (hiding).
  3663 | D:5      | 3663 ||| INVOKING Berserk.
  3668 | D:5      | HP: 13/64 [centaur/arrow (4)]
  3671 | D:5      | HP: 4/64 [centaur/arrow (10)]
  3674 | D:5      | 3674 ||| READING 3 scrolls of teleportation.
  3674 | D:5      | HP: 1/43 [centaur (2)]
  3675 | D:5      | 3675 ||| DRINKING potion of heal wounds.
  3839 | D:5      | 3839 ||| READING scroll of enchant weapon.
  3839 | D:5      | 3839 ||| ENCHANTING +1 hand axe of electrocution.
  3858 | D:5      | Reached skill level 7 in Axes
  3862 | D:5      | 3862 ||| READING scroll of enchant weapon.
  3862 | D:5      | 3862 ||| ENCHANTING +2 hand axe of electrocution.
  3873 | D:5      | 3873 ||| Stepping ~*~*~tactically~*~*~ (hiding).
  3938 | D:5      | 3938 ||| SWAPPING to +3 war axe.
  3947 | D:5      | Reached XP level 8. HP: 40/49 MP: 8/8
  3998 | D:5      | 3998 ||| DROPPING +3 hand axe of electrocution.
  4011 | D:5      | 4011 ||| INVOKING Berserk.
  4269 | D:5      | Found Othiecku's General Store.
  4281 | D:5      | Reached skill level 1 in Throwing
  4321 | D:5      | 4321 ||| BUYING potion of cancellation (96 gold).
  4321 | D:5      | Bought a potion of cancellation for 96 gold pieces
  4321 | D:5      | 4321 ||| BUYING scroll of teleportation (36 gold).
  4321 | D:5      | Bought a scroll of teleportation for 36 gold pieces
  4321 | D:5      | 4321 ||| BUYING scroll of teleportation (36 gold).
  4321 | D:5      | Bought a scroll of teleportation for 36 gold pieces
  4385 | D:5      | Found a staircase to the Ecumenical Temple.
  4490 | D:5      | 4490 ||| DRINKING 2 sedimented inky potions.
  4491 | D:5      | 4491 ||| READING 2 scrolls of identify.
  4491 | D:5      | 4491 ||| IDENTIFYING coppery potion
  4492 | D:5      | 4492 ||| DROPPING potion of attraction.
  4493 | D:5      | 4493 ||| DROPPING potion of flight.
  4528 | D:6      | 4528 ||| STAIRDANCE
  4572 | D:6      | Noticed Maggie
  4573 | D:6      | 4573 ||| STAIRDANCE
  4578 | D:5      | Reached skill level 8 in Axes
  4681 | D:6      | 4681 ||| STAIRDANCE
  4715 | D:6      | 4715 ||| STAIRDANCE
  4722 | D:5      | 4722 ||| INVOKING Berserk.
  4727 | D:5      | HP: 16/73 [Maggie/bolt of fire (7)]
  4732 | D:5      | HP: 11/73 [Maggie/the +9 lance "Wyrmbane" {slay drac, rPois
                  | rF+ rC+ AC+3} (4)]
  4734 | D:5      | Killed Maggie
  4735 | D:5      | Reached skill level 6 in Fighting
  4735 | D:5      | Reached XP level 9. HP: 13/56 MP: 9/9
  4992 | D:6      | 4992 ||| STAIRDANCE
  4994 | D:5      | 4994 ||| INVOKING Berserk.
  5114 | D:6      | 5114 ||| STAIRDANCE
  5252 | D:6      | Found an iron altar of Okawaru.
  5281 | D:6      | Reached **** piety under Trog
  5429 | D:6      | 5429 ||| Stepping ~*~*~tactically~*~*~ (hiding).
  5430 | D:6      | 5430 ||| Stepping ~*~*~tactically~*~*~ (hiding).
  5431 | D:6      | 5431 ||| Stepping ~*~*~tactically~*~*~ (hiding).
  5432 | D:6      | 5432 ||| Stepping ~*~*~tactically~*~*~ (hiding).
  5434 | D:6      | 5434 ||| Stepping ~*~*~tactically~*~*~ (hiding).
  5452 | D:6      | 5452 ||| FLEEEEING.
  5493 | D:6      | 5493 ||| Stepping ~*~*~tactically~*~*~ (stealth).
  5494 | D:6      | 5494 ||| Stepping ~*~*~tactically~*~*~ (stealth).
  5499 | D:6      | 5499 ||| Stepping ~*~*~tactically~*~*~ (stealth).
  5526 | D:6      | Reached skill level 9 in Axes
  5536 | D:6      | 5536 ||| INVOKING Berserk.
  5719 | D:6      | 5719 ||| Stepping ~*~*~tactically~*~*~ (hiding).
  5720 | D:6      | 5720 ||| Stepping ~*~*~tactically~*~*~ (hiding).
  5726 | D:6      | Reached skill level 3 in Throwing
  5797 | D:6      | Found Lilef's Distillery.
  5801 | D:6      | 5801 ||| SHOPLISTING potion of haste (150 gold, have 93).
  5801 | D:6      | 5801 ||| BUYING potion of might (60 gold).
  5801 | D:6      | Bought a potion of might for 60 gold pieces
  5801 | D:6      | 5801 ||| SHOPLISTING potion of mutation (120 gold, have
                  | 33).
  5801 | D:6      | 5801 ||| SHOPLISTING potion of resistance (150 gold, have
                  | 33).
  5812 | D:6      | 5812 ||| Stepping ~*~*~tactically~*~*~ (hiding).
  5813 | D:6      | 5813 ||| Stepping ~*~*~tactically~*~*~ (hiding).
  5814 | D:6      | 5814 ||| Stepping ~*~*~tactically~*~*~ (hiding).
  5816 | D:6      | 5816 ||| INVOKING Berserk.
  6007 | D:6      | 6007 ||| Stepping ~*~*~tactically~*~*~ (stealth).
  6070 | D:6      | Identified the +12 hand axe of Doom {pain, rCorr Dex+2
                  | Stlth+}
  6092 | D:6      | 6092 ||| INVOKING Berserk.
  6096 | D:6      | Reached skill level 6 in Armour
  6318 | D:6      | 6318 ||| INVOKING Berserk.
  6546 | D:6      | 6546 ||| UPGRADING to +0 pair of boots.
  6551 | D:6      | 6551 ||| DRINKING 2 fuming inky potions.
  6664 | D:7      | 6664 ||| INVOKING Berserk.
  6805 | D:7      | Reached skill level 10 in Axes
  6993 | D:7      | Found a sparkling altar of Nemelex Xobeh.
  6993 | D:7      | Found a stormy altar of Qazlal.
  7062 | D:7      | 7062 ||| INVOKING Berserk.
  7065 | D:7      | Reached XP level 10. HP: 63/63 MP: 10/10
  7219 | D:7      | 7219 ||| Stepping ~*~*~tactically~*~*~ (hiding).
  7252 | D:7      | 7252 ||| Stepping ~*~*~tactically~*~*~ (hiding).
  7258 | D:7      | 7258 ||| INVOKING Berserk.
  7371 | D:7      | 7371 ||| INVOKING Berserk.
  7669 | D:7      | Found an ancient bone altar of Kikubaaqudgha.
  7704 | D:7      | Found a radiant altar of Vehumet.
  7706 | D:7      | 7706 ||| Stepping ~*~*~tactically~*~*~ (cloud).
  7707 | D:7      | 7707 ||| Stepping ~*~*~tactically~*~*~ (cloud).
  7709 | D:7      | 7709 ||| INVOKING Berserk.
  8038 | D:7      | 8038 ||| INVOKING Berserk.
  8211 | D:7      | 8211 ||| Stepping ~*~*~tactically~*~*~ (stealth).
  8390 | D:7      | 8390 ||| UPGRADING to ring of positive energy.
  8391 | D:7      | 8391 ||| READING scroll labelled BORUAF ZOZEY.
  8392 | D:7      | 8392 ||| READING scroll labelled UXTYME NYXKUMI.
  8392 | D:7      | Identified a scroll of acquirement
  8392 | D:7      | 8392 ||| ACQUIRING +0 pair of gloves of the Heavens {Fly
                  | rElec rN+ Str+3}
  8392 | D:7      | Acquired the +0 pair of gloves of the Heavens {Fly rElec
                  | rN+ Str+3}
  8394 | D:7      | 8394 ||| UPGRADING to +0 pair of gloves of the Heavens {Fly
                  | rElec rN+ Str+3}.
  8404 | D:7      | 8404 ||| DROPPING +1 pair of gloves.
  8459 | D:8      | Reached skill level 11 in Axes
  8462 | D:8      | 8462 ||| INVOKING Berserk.
  8879 | D:8      | 8879 ||| SWAPPING to +4 war axe of freezing.
  8880 | D:8      | 8880 ||| DROPPING +3 war axe.
  8937 | D:8      | 8937 ||| Stepping ~*~*~tactically~*~*~ (hiding).
  8939 | D:8      | 8939 ||| Stepping ~*~*~tactically~*~*~ (hiding).
  9243 | D:8      | 9243 ||| INVOKING Berserk.
  9412 | D:8      | 9412 ||| UPGRADING to +0 buckler.
  9417 | D:8      | 9417 ||| UPGRADING to amulet of guardian spirit.
  9450 | D:9      | 9450 ||| STAIRDANCE
  9456 | D:8      | Reached skill level 1 in Shields
  9483 | D:9      | 9483 ||| STAIRDANCE
  9512 | D:9      | 9512 ||| STAIRDANCE
  9626 | D:9      | 9626 ||| READING scroll of enchant armour.
  9626 | D:9      | 9626 ||| ENCHANTING +0 helmet.
  9647 | D:9      | 9647 ||| FLEEEEING.
  9648 | D:9      | 9648 ||| FLEEEEING.
  9649 | D:9      | 9649 ||| FLEEEEING.
  9650 | D:9      | 9650 ||| FLEEEEING.
  9651 | D:9      | 9651 ||| FLEEEEING.
  9652 | D:9      | 9652 ||| FLEEEEING.
  9653 | D:9      | 9653 ||| FLEEEEING.
  9654 | D:9      | 9654 ||| FLEEEEING.
  9655 | D:9      | 9655 ||| FLEEEEING.
  9656 | D:9      | 9656 ||| STAIRDANCE
  9705 | D:9      | 9705 ||| STAIRDANCE
  9707 | D:8      | 9707 ||| INVOKING Berserk.
  9711 | D:8      | Reached skill level 3 in Shields
  9986 | D:9      | 9986 ||| Stepping ~*~*~tactically~*~*~ (hiding).
 10003 | D:9      | 10003 ||| INVOKING Berserk.
 10026 | D:9      | 10026 ||| FLEEEEING.
 10056 | D:9      | 10056 ||| Stepping ~*~*~tactically~*~*~ (hiding).
 10066 | D:9      | Reached XP level 11. HP: 68/68 MP: 11/11
 10073 | D:9      | 10073 ||| Stepping ~*~*~tactically~*~*~ (hiding).
 10157 | D:9      | Found a bloodstained altar of Trog.
 10206 | D:9      | 10206 ||| Stepping ~*~*~tactically~*~*~ (hiding).
 10210 | D:9      | Noticed a red ugly thing
 10221 | D:9      | 10221 ||| INVOKING Berserk.
 10224 | D:9      | HP: 23/102 [red ugly thing (19)]
 10225 | D:9      | Killed a red ugly thing
 10753 | D:9      | Found a runed translucent door.
 10881 | D:9      | 10881 ||| READING 2 scrolls of identify.
 10881 | D:9      | 10881 ||| IDENTIFYING pink potion
 10882 | D:9      | 10882 ||| DROPPING potion of ambrosia.
 10936 | D:10     | Entered Level 10 of the Dungeon
 10980 | D:10     | Noticed a centaur warrior
 10989 | D:10     | Killed a centaur warrior
 10990 | D:10     | Reached skill level 9 in Fighting
 11017 | D:10     | Noticed a cyan ugly thing
 11018 | D:10     | 11018 ||| INVOKING Berserk.
 11146 | D:10     | Noticed a boulder beetle
 11148 | D:10     | 11148 ||| INVOKING Berserk.
 11164 | D:10     | Killed a boulder beetle
 11228 | D:10     | Noticed a deep elf knight
 11231 | D:10     | Noticed a manticore
 11233 | D:10     | 11233 ||| INVOKING Berserk.
 11239 | D:10     | Killed a manticore
 11311 | D:10     | Noticed a cyan ugly thing
 11367 | D:10     | Noticed a boulder beetle
 11370 | D:10     | 11370 ||| INVOKING Berserk.
 11381 | D:10     | Killed a boulder beetle
 11521 | D:10     | Noticed a cyclops
 11524 | D:10     | 11524 ||| FLEEEEING.
 11525 | D:10     | 11525 ||| FLEEEEING.
 11526 | D:10     | 11526 ||| FLEEEEING.
 11527 | D:10     | 11527 ||| FLEEEEING.
 11528 | D:10     | 11528 ||| FLEEEEING.
 11532 | D:10     | 11532 ||| Stepping ~*~*~tactically~*~*~ (stealth).
 11533 | D:10     | 11533 ||| Stepping ~*~*~tactically~*~*~ (stealth).
 11534 | D:10     | Noticed a cyclops
 11536 | D:10     | 11536 ||| INVOKING Berserk.
 11542 | D:10     | Killed a cyclops
 11543 | D:10     | Reached skill level 12 in Axes
 11543 | D:10     | Killed a deep elf knight
 11544 | D:10     | Reached skill level 6 in Shields
 11545 | D:10     | HP: 16/106 [cyclops (14)]
 11547 | D:10     | Killed a cyclops
 11826 | D:10     | 11826 ||| UPGRADING to ring of see invisible.
 11828 | D:10     | 11828 ||| UPGRADING to ring of willpower.
 11830 | D:10     | 11830 ||| READING 9 scrolls of teleportation.
 11874 | D:10     | Found a basalt altar of Yredelemnul.
 11911 | D:10     | Reached skill level 9 in Armour
 11992 | D:10     | 11992 ||| Stepping ~*~*~tactically~*~*~ (stealth).
 11993 | D:10     | 11993 ||| Stepping ~*~*~tactically~*~*~ (stealth).
 11996 | D:10     | Reached ***** piety under Trog
 12012 | D:10     | Reached XP level 12. HP: 77/77 MP: 12/12
 12017 | D:10     | 12017 ||| DROPPING +3 flail.
 12021 | D:10     | Found a staircase to the Lair.
 12283 | D:10     | 12283 ||| FLEEEEING.
 12284 | D:10     | 12284 ||| FLEEEEING.
 12285 | D:10     | 12285 ||| FLEEEEING.
 12287 | D:10     | Identified the +8 broad axe of the World {vorpal, rPois rF+
                  | rC+} (Trog gifted it to you on level 10 of the Dungeon)
 12287 | D:10     | Received a gift from Trog
 12300 | D:10     | 12300 ||| SWAPPING to +8 broad axe of the World {vorpal,
                  | rPois rF+ rC+}.
 12301 | D:10     | 12301 ||| DROPPING +4 war axe of freezing.
 12517 | D:10     | Noticed a two-headed ogre
 12524 | D:10     | Killed a two-headed ogre
 12734 | D:10     | 12734 ||| Stepping ~*~*~tactically~*~*~ (stealth).
 12780 | D:10     | 12780 ||| PLANNING LAIR
 12780 | D:10     | 12780 ||| READING 3 scrolls labelled QEWIDOBEERCH.
 12781 | D:10     | 12781 ||| DRINKING 2 glowing sapphire potions.
 12782 | D:10     | 12782 ||| READING 2 scrolls of identify.
 12782 | D:10     | 12782 ||| IDENTIFYING fizzy golden potion
 12783 | D:10     | 12783 ||| DROPPING potion of invisibility.
 12784 | D:10     | 12784 ||| DROPPING potion of degeneration.
 12785 | D:10     | 12785 ||| DROPPING 2 scrolls of fear.
 12847 | Lair:1   | Entered Level 1 of the Lair of Beasts
 12879 | Lair:1   | Found a dark tunnel.
 12902 | Lair:1   | 12902 ||| INVOKING Berserk.
 13020 | Lair:1   | Reached skill level 13 in Axes
 13247 | Lair:1   | 13247 ||| INVOKING Berserk.
 13366 | Lair:1   | 13366 ||| INVOKING Berserk.
 13508 | Lair:1   | 13508 ||| INVOKING Berserk.
 13639 | Lair:1   | 13639 ||| INVOKING Berserk.
 13776 | Lair:1   | 13776 ||| Stepping ~*~*~tactically~*~*~ (stealth).
 13950 | Lair:1   | Noticed a five-headed hydra
 13951 | Lair:1   | 13951 ||| INVOKING Brothers in Arms.
 13953 | Lair:1   | 13953 ||| SWAPPING to +0 morningstar.
 13955 | Lair:1   | 13955 ||| INVOKING Berserk.
 13958 | Lair:1   | Killed a five-headed hydra
 13965 | Lair:1   | 13965 ||| SWAPPING to +8 broad axe of the World {vorpal,
                  | rPois rF+ rC+}.
 14111 | Lair:1   | 14111 ||| UPGRADING to +6 ring of dexterity.
 14113 | Lair:1   | 14113 ||| READING scroll labelled NUMAOS XULEGIU.
 14114 | Lair:1   | 14114 ||| READING 2 scrolls of identify.
 14114 | Lair:1   | 14114 ||| IDENTIFYING murky blue potion
 14115 | Lair:1   | 14115 ||| DROPPING potion of lignification.
 14137 | Lair:2   | 14137 ||| PLANNING GAUNTLET
 14222 | Lair:2   | Noticed Sonja
 14226 | Lair:2   | Killed Sonja
 14227 | Lair:2   | Reached skill level 3 in Dodging
 14229 | Lair:2   | Noticed an eight-headed hydra
 14231 | Lair:2   | 14231 ||| INVOKING Brothers in Arms.
 14232 | Lair:2   | 14232 ||| INVOKING Brothers in Arms.
 14233 | Lair:2   | 14233 ||| SWAPPING to +0 morningstar.
 14234 | Lair:2   | 14234 ||| INVOKING Berserk.
 14236 | Lair:2   | Killed an eight-headed hydra
 14244 | Lair:2   | 14244 ||| SWAPPING to +8 broad axe of the World {vorpal,
                  | rPois rF+ rC+}.
 14369 | Lair:2   | 14369 ||| Stepping ~*~*~tactically~*~*~ (hiding).
 14398 | Lair:2   | Noticed Harold
 14402 | Lair:2   | Noticed a seven-headed hydra
 14403 | Lair:2   | 14403 ||| INVOKING Brothers in Arms.
 14407 | Lair:2   | 14407 ||| SWAPPING to +0 morningstar.
 14412 | Lair:2   | HP: 16/77 [seven-headed hydra (10)]
 14413 | Lair:2   | 14413 ||| READING 8 scrolls of teleportation.
 14414 | Lair:2   | 14414 ||| DRINKING 2 potions of heal wounds.
 14415 | Lair:2   | 14415 ||| DRINKING potion of heal wounds.
 14418 | Lair:2   | 14418 ||| SWAPPING to +8 broad axe of the World {vorpal,
                  | rPois rF+ rC+}.
 14434 | Lair:2   | 14434 ||| Stepping ~*~*~tactically~*~*~ (hiding).
 14435 | Lair:2   | 14435 ||| Stepping ~*~*~tactically~*~*~ (hiding).
 14437 | Lair:2   | 14437 ||| INVOKING Berserk.
 14452 | Lair:2   | HP: 16/77 [Harold/+0 glaive (9)]
 14453 | Lair:2   | 14453 ||| READING 7 scrolls of teleportation.
 14454 | Lair:2   | 14454 ||| SWAPPING to +0 morningstar.
 14455 | Lair:2   | Found a staircase to the Shoals.
 14456 | Lair:2   | 14456 ||| SWAPPING to +8 broad axe of the World {vorpal,
                  | rPois rF+ rC+}.
 14459 | Lair:2   | 14459 ||| Stepping ~*~*~tactically~*~*~ (hiding).
 14461 | Lair:2   | 14461 ||| Stepping ~*~*~tactically~*~*~ (hiding).
 14464 | Lair:2   | 14464 ||| READING 6 scrolls of teleportation.
 14465 | Lair:2   | HP: 11/77 [merfolk/+0 trident (8)]
 14468 | Lair:2   | 14468 ||| READING 5 scrolls of teleportation.
 14472 | Lair:2   | 14472 ||| READING 4 scrolls of teleportation.
 14725 | Lair:2   | 14725 ||| RIP GAUNTLET
 14789 | Lair:2   | 14789 ||| PLANNING LAIR
 14870 | Lair:2   | Found a staircase to the Snake Pit.
 14872 | Lair:2   | 14872 ||| Stepping ~*~*~tactically~*~*~ (hiding).
 14873 | Lair:2   | 14873 ||| Stepping ~*~*~tactically~*~*~ (hiding).
 14937 | Lair:2   | Noticed a six-headed hydra
 14940 | Lair:2   | 14940 ||| SWAPPING to +0 morningstar.
 14942 | Lair:2   | 14942 ||| INVOKING Berserk.
 14947 | Lair:2   | Killed a six-headed hydra
 14948 | Lair:2   | Reached skill level 14 in Axes
 14955 | Lair:2   | 14955 ||| SWAPPING to +8 broad axe of the World {vorpal,
                  | rPois rF+ rC+}.
 15169 | Lair:2   | 15169 ||| INVOKING Berserk.
 15495 | Lair:2   | 15495 ||| FLEEEEING.
 15496 | Lair:2   | 15496 ||| FLEEEEING.
 15497 | Lair:2   | 15497 ||| FLEEEEING.
 15498 | Lair:2   | 15498 ||| FLEEEEING.
 15499 | Lair:2   | 15499 ||| FLEEEEING.
 15500 | Lair:2   | 15500 ||| FLEEEEING.
 15501 | Lair:2   | 15501 ||| FLEEEEING.
 15502 | Lair:2   | 15502 ||| FLEEEEING.
 15503 | Lair:2   | 15503 ||| FLEEEEING.
 15504 | Lair:2   | 15504 ||| FLEEEEING.
 15505 | Lair:2   | 15505 ||| FLEEEEING.
 15506 | Lair:2   | 15506 ||| FLEEEEING.
 15519 | Lair:2   | 15519 ||| INVOKING Berserk.
 15528 | Lair:2   | Killed an 11-headed hydra
 15529 | Lair:2   | Reached XP level 13. HP: 70/82 MP: 7/13
 15532 | Lair:2   | Killed Harold
 15541 | Lair:2   | HP: 18/83 [merfolk (6)]
 15542 | Lair:2   | 15542 ||| READING 3 scrolls of teleportation.
 15542 | Lair:2   | HP: 6/83 [merfolk (12)]
 15543 | Lair:2   | HP: 2/83 [merfolk (5)]
 15545 | Lair:2   | Shot with a bolt by a merfolk

Levels and vault maps discovered:
D:1:      wander_arrival_estate, layout_rooms, basic_ecumenical_altar
D:2:      layout_rooms, basic_altar
D:3:      layout_basic, worldfamousw_hep_ancestral_shrine, uniq_robin
D:4:      layout_basic, nicolae_ru_great_annihilating_truth,
          gup_sewer_entry_bubbles, uniq_blork_the_orc, uniq_ijyb
D:5:      layout_cave_pools, minmay_temple_entry_wispy, serial_shops,
          nicolae_shop_stone
D:6:      layout_cave_pools, okawaru_gym_becter, serial_gnoll_camp,
          gnoll_camp_mini_loothouse, gnoll_camp_medium_02, gnoll_camp_mini_hut,
          gnoll_camp_mini_house, gnoll_camp_mini_shop, gnoll_camp_mini_sergeant,
          mrwooster_statue_mirror, chequers_decorated_corner, uniq_maggie
D:7:      minmay_thinvault, layout_loops_ring, nicolae_vehumet_radiance,
          marbit_many_paths, gammafunk_temple_overflow_statue
D:8:      layout_basic
D:9:      layout_loops_ring, lemuel_tele_altar, lightli_church_of_beogh
D:10:     layout_small_grid, amcnicky_altar_gilded, minmay_lair_entry_grove,
          minmay_evil_grid
Lair:1:   beast_lair_carwin_large_4, layout_cave_shapes, enter_volcano_4,
          minivault_25
Lair:2:   layout_cave_pods, elwin_shoals_entry_stream,
          guppyfry_snake_entry_garden, gauntlet_entry_generic,
          grunt_megastairs_1, lemuel_fruit_fields, serial_bayou_shore_b,
          uniq_sonja, uniq_harold

Skill      XL: |  1  2  3  4  5  6  7  8  9 10 11 12 |
---------------+-------------------------------------+-----
Axes           | 3 4 5 6 7 8 10 11 12 14 | 14.0
Armour         | 3 4 5 6 8 9 10 | 10.0
Fighting       | 4 5 6 7 8 10 | 10.6
Throwing       | 2 3 4 5 |  5.0
Shields        | 4 6 7 |  7.1
Dodging        | 2 3 |  3.1

Action                   |  1- 3 |  4- 6 |  7- 9 | 10-12 | 13-15 || total
-------------------------+-------+-------+-------+-------+-------++-------
Melee: Hand axe          |    84 |    91 |   110 |       |       ||   285
       Punch             |     1 |     1 |     1 |     2 |       ||     5
       War axe           |       |       |   208 |   345 |       ||   553
       Broad axe         |       |       |       |   104 |    12 ||   116
       Morningstar       |       |       |       |    15 |       ||    15
Throw: Javelin           |       |       |    23 |    85 |       ||   108
Invok: Berserk           |     1 |     5 |    10 |    25 |       ||    41
       Brothers in Arms  |       |       |       |     3 |       ||     3
  Use: Scroll            |    13 |     5 |     5 |    14 |     1 ||    38
       Potion            |     1 |       |     3 |     3 |       ||     7
 Stab: Paralysed         |       |     1 |       |       |       ||     1
Armor: Animal skin       |    15 |       |       |       |       ||    15
       Leather armour    |     8 |       |       |       |       ||     8
       Ring mail         |     5 |    11 |       |       |       ||    16
       Plate armour      |       |    23 |   274 |   414 |     5 ||   716
Dodge: Dodged            |    58 |    34 |   124 |   204 |     2 ||   422
Block: Buckler           |       |       |       |    69 |     3 ||    72

Table legend:
 A = Non-vault XP
 B = Vault XP
 C = Vault XP percentage of total XP
 D = Non-vault monster count
 E = Vault monster count
 F = Vault count percentage of total count
                 A         B        C        D         E       F
            +---------+---------+-------+---------+---------+-------
      Total |   16718 |   17073 |  50.5 |     232 |     119 |  33.9
            +---------+---------+-------+---------+---------+-------
        D:1 |      29 |       0 |   0.0 |      18 |       0 |   0.0
        D:2 |      43 |       0 |   0.0 |      16 |       0 |   0.0
        D:3 |      38 |      36 |  48.6 |      16 |      12 |  42.9
        D:4 |     362 |     230 |  38.9 |      20 |      14 |  41.2
        D:5 |    1364 |     412 |  23.2 |      28 |       2 |   6.7
        D:6 |     513 |     882 |  63.2 |      10 |      29 |  74.4
        D:7 |    1603 |    1254 |  43.9 |      25 |      17 |  40.5
        D:8 |    2077 |       0 |   0.0 |      36 |       0 |   0.0
        D:9 |    1582 |       0 |   0.0 |      19 |       0 |   0.0
       D:10 |    3914 |    7567 |  65.9 |      25 |      22 |  46.8
     Lair:1 |    1794 |    2553 |  58.7 |       7 |      14 |  66.7
     Lair:2 |    3399 |    4139 |  54.9 |      12 |       9 |  42.9
            +---------+---------+-------+---------+---------+-------
